 Dungeon Crawl Stone Soup version 0.27-a0-1612-gde56a17b89 (webtiles) character file.

Game seed: 12500148952343698116

387 robertstho the Chopper (level 6, 0/85 HPs)
             Began as a Hill Orc Berserker on July 21, 2021.
             Was a Priest of Trog.
             Succumbed to a water moccasin's poison
             ... on level 5 of the Dungeon.
             The game lasted 00:03:20 (4286 turns).

robertstho the Chopper (Hill Orc Berserker)         Turns: 4286, Time: 00:03:20

Health: 0/85       AC:  7    Str: 22    XL:     6   Next: 78%
Magic:  6/6        EV: 14    Int:  7    God:    Trog [***...]
Gold:   234        SH:  0    Dex: 10    Spells: 5/5 levels left

rFire    . . .     SeeInvis .   k - +0 war axe
rCold    . . .     Faith    .   (no shield)
rNeg     . . .     Spirit   .   a - +0 scale mail
rPois    .         Reflect  .   (no helmet)
rElec    .         Harm     .   (no cloak)
rCorr    .         Rampage  .   (no gloves)
Will     .....                  (no boots)
Stlth    ..........             (no amulet)
HPRegen  0.24/turn              g - +4 ring of evasion
MPRegen  0.10/turn              (no ring)

@: berserking (expiring), lethally poisoned (0 -> -27), very quick
A: no striking features
a: Renounce Religion, Berserk, Trog's Hand


You were on level 5 of the Dungeon.
You worshipped Trog.
Trog was most pleased with you.
You visited 1 branch of the dungeon, and saw 5 of its levels.

You collected 234 gold pieces.

Inventory:

Hand Weapons
 k - a +0 war axe (weapon)
Missiles
 i - 3 atropa-tipped darts (quivered)
Armour
 a - a +0 scale mail (worn)
Jewellery
 g - a +4 ring of evasion (left hand)
Scrolls
 b - a scroll of identify {unknown}
 c - 2 scrolls of immolation {unknown}
 d - 2 scrolls of amnesia {unknown}
 e - a scroll of fog {unknown}
 f - a scroll of enchant weapon {unknown}
 h - a scroll of fear {unknown}
 j - 2 scrolls of torment {unknown}
 l - a scroll of magic mapping {unknown}
 o - a scroll of acquirement {unknown}
Potions
 m - a potion of curing {unknown}
 n - a potion of mutation {unknown}


   Skills:
 * Level 6.0 Fighting
 + Level 6.6 Axes
 * Level 3.8 Armour
 + Level 2.2 Dodging
 + Level 0.2 Stealth


You had 5 spell levels left.
You didn't know any spells.
Your spell library was empty.

Dungeon Overview and Level Annotations

Branches:
Dungeon (5/15)
 Temple: D:4-7

Altars:

Shops:
D:1 (


Message History

You slash the scorpion!
You feel very sick. The water moccasin bites you. The scorpion misses you.
The water moccasin bites you.
You barely miss the scorpion.
The scorpion is moderately wounded.
You miss the water moccasin.
You feel very sick. The scorpion barely misses you.
The water moccasin bites you.
You are more poisoned.
The water moccasin poisons you!
You slash the scorpion!
The scorpion is severely wounded.
You miss the water moccasin.
* * * LOW HITPOINT WARNING * * *
You feel very sick.
The scorpion stings you but does no damage.
The water moccasin closely misses you.
You barely miss the water moccasin.
The water moccasin is severely wounded.
You slash the scorpion!
You kill the scorpion!
Trog accepts your kill.
* * * LOW HITPOINT WARNING * * *
You feel very sick. The water moccasin bites you.
* * * LOW HITPOINT WARNING * * *
You are more poisoned.
The water moccasin poisons you!
Your Fighting skill increases to level 6!
You miss the water moccasin.
The water moccasin is severely wounded.
* * * LOW HITPOINT WARNING * * *
You feel very sick. The water moccasin bites you.
* * * LOW HITPOINT WARNING * * *
Unknown command.
You closely miss the water moccasin.
The water moccasin is severely wounded.
You die...

..........#
#.#.#.#.#
#.........#
#.......#
#.........#
###[#.###
#.........#
#.....#
#.........#
##.#.##
#.........# .....
#.........# #.#.##
..........###.....
..........@)..#
.....####.)S......
.#.. .......#.#.
.. ...........
..####.....#.# .
#...... ..
#.#...#. . #.
.#...#


You could see a water moccasin.

Vanquished Creatures
  An ogre (D:5)
  A scorpion (D:5)
  A hound (D:4)
  Terence (D:3)
  An iguana (D:5)
  An orc wizard (D:5)
  A hound skeleton (D:4)
  5 adders
  An ufetubus (D:5)
  2 adder skeletons (D:4)
  6 orcs
  3 endoplasms
  3 goblins (D:3)
  4 hobgoblins
  12 jackals
  2 quokkas
  2 ball pythons
  11 bats
  4 frilled lizards
  5 kobolds
  5 rats
72 creatures vanquished.

Notes
Turn   | Place    | Note
-------+----------+-------------------------------------------
     0 | D:1      | robertstho the Hill Orc Berserker began the quest for the
                  | Orb.
     0 | D:1      | Reached XP level 1. HP: 19/19 MP: 1/1
   201 | D:1      | Found Tarooj's Antique Weapon Boutique.
   315 | D:1      | Reached XP level 2. HP: 27/27 MP: 2/2
   405 | D:1      | Found a faded altar of an unknown god.
  1166 | D:2      | Reached XP level 3. HP: 19/34 MP: 3/3
  1635 | D:2      | Reached ** piety under Trog
  1779 | D:2      | Reached skill level 5 in Axes
  1782 | D:2      | Reached XP level 4. HP: 25/41 MP: 4/4
  2592 | D:3      | Noticed Terence
  2598 | D:3      | Killed Terence
  3024 | D:4      | Reached skill level 5 in Fighting
  3069 | D:4      | Reached XP level 5. HP: 48/48 MP: 5/5
  3264 | D:4      | Reached *** piety under Trog
  4183 | D:5      | Entered Level 5 of the Dungeon
  4272 | D:5      | Noticed an ogre
  4272 | D:5      | Noticed a water moccasin
  4280 | D:5      | Reached XP level 6. HP: 50/56 MP: 6/6
  4286 | D:5      | Succumbed to a water moccasin's poison

Illustrated notes

Levels and vault maps discovered:
D:1:      psy_arrival_fountain, layout_loops_ring, serial_shops, shop,
          shapermc_ecumenical_altar_notcrosses
D:2:      layout_basic, st_stairs_10
D:3:      layout_rooms, grunt_ministairs_1, uniq_terence
D:4:      layout_layer_cave, st_stairs_10
D:5:      layout_rooms, nicolae_elyvilon_peaceful_grove, st_stairs_13,
          interstate_on_off, glass_columns_b, uniq_sigmund

Skill      XL: |  1  2  3  4  5  6 |
---------------+-------------------+-----
Fighting       | 4 5 6 |  6.0
Axes           | 5 6 |  6.6
Armour         | 3 |  3.8
Dodging        | 2 |  2.2
Stealth        | |  0.2

Action                   |  1- 3 |  4- 6 || total
-------------------------+-------+-------++-------
Melee: Hand axe          |    97 |     7 ||   104
       War axe           |       |   119 ||   119
Invok: Berserk           |     1 |     2 ||     3
Armor: Leather armour    |    30 |     3 ||    33
       Scale mail        |       |    48 ||    48
Dodge: Dodged            |    83 |   134 ||   217

Table legend: (Time is in decaauts)
 A = Elapsed time spent in this place.
 B = Non-inter-level travel time spent in this place.
 C = Inter-level travel time spent in this place.
 D = Time resting spent in this place.
 E = Time spent auto-exploring this place.
 F = Levels seen in this place.
 G = Mean time per level.
                   A        B        C        D        E       F      G
               +--------+--------+--------+--------+--------+-----+--------+
         Total |   4337 |   4174 |    163 |     55 |   3626 |   5 |  867.4 |
       Dungeon |   4337 |   4174 |    163 |     55 |   3626 |   5 |  867.4 |
               +--------+--------+--------+--------+--------+-----+--------+

Top non-repeatable levels by time:
     D:2: 1433 daAuts
     D:4: 1203 daAuts
     D:1: 843 daAuts
     D:3: 752 daAuts
     D:5: 105 daAuts
